 Dungeon Crawl Stone Soup version 0.7.1-16-gde135da character file.

49731 Delphic the Necromancer (level 14, 87/94 HPs)
             Began as a Deep Dwarf Necromancer on Aug 13, 2010.
             Was a High Priest of Makhleb.
             Drowned
             ... on Level 9 of the Dungeon.
             The game lasted 02:25:52 (31853 turns).

Delphic the Necromancer (Deep Dwarf Necromancer)   Turns: 31853, Time: 02:25:52

HP  87/94        AC  8     Str 10 (12) Exp: 14/69491 (4), need: 26708
MP  40/44        EV 18     Int 21      God: Makhleb [*****.]
Gold 1088        SH  0     Dex 14      Spells:  6 memorised, 15 levels left

Res.Fire  : + . .   See Invis. : .   d - staff of power
Res.Cold  : . . .   Warding    : .   y - +2 robe {rF+}
Life Prot.: + . .   Conserve   : .   (no shield)
Res.Poison: .       Res.Corr.  : .   (helmet restricted)
Res.Elec. : +       Clarity    : .   g - +0 cloak Spirit.Shd: . Stasis : .
                                     (no gloves)
Sust.Abil.: + .     Rnd.Telep. : .   u - +2 pair of dwarf boots (curse)
Res.Mut.  : +       Ctrl.Telep.: .   Z - amulet of resist mutation
Res.Rott. : .       Levitation : .   H - ring of sustain abilities
Saprovore : . . .   Ctrl.Flight: .   i - ring of levitation

@: non-regenerating, mildly poisoned, very quick, hasted, quite resistant to
hostile enchantments, unstealthy
A: antennae 1, fast metabolism 1, life protection 1, sense surroundings 2,
electricity resistance, slow healing 3, Dex +1
a: Device Recharging, Minor Destruction, Lesser Servant of Makhleb, Major
Destruction, Greater Servant of Makhleb, Renounce Religion, Evoke Levitation


You were on level 9 of the Dungeon.
You worshipped Makhleb.
Makhleb was exalted by your worship.
You were very hungry.

You visited 3 branches of the dungeon, and saw 18 of its levels.
You visited 1 portal chamber: sewer.

You collected 1068 gold pieces.

Inventory:

Hand weapons
 a - the -1,-5 mace of Wrongful Imprisonment {freeze, rN+ SInv}
   (You found it in the sewers)

   It has been specially enchanted to freeze those struck by it, causing extra
   injury to most foes and up to double damage against particularly susceptible
   opponents.
   It can also slow down cold-blooded creatures.
   It protects you from negative energy.
   It enhances your eyesight.
 h - a +1,+0 dagger (quivered)
Armour
 g - a +0 cloak (worn)
 u - a cursed +2 pair of dwarven boots (worn)
 y - a +2 robe of fire resistance (worn)
 D - a +0 buckler
 Q - a +3 dwarven shield of cold resistance
Magical devices
 e - a wand of healing (0)
 P - a wand of magic darts (0)
 U - a wand of digging (4)
Scrolls
 m - 7 scrolls of remove curse
 q - a scroll of curse weapon {unknown}
 v - 2 scrolls of enchant armour {unknown}
 A - a scroll of enchant weapon I {unknown}
 B - a scroll of fog
 K - 3 scrolls of magic mapping
 O - a scroll of detect curse
Jewellery
 i - a ring of levitation (left hand)
 l - an uncursed ring of protection from magic
 n - an uncursed ring of poison resistance
 o - an uncursed ring of wizardry
 s - a +6 ring of evasion
 t - an uncursed amulet of faith
 w - an uncursed amulet of conservation
 x - an uncursed ring of magical power
 z - a +5 ring of strength
 F - an uncursed ring of see invisible
 H - a ring of sustain abilities (right hand)
 N - an uncursed ring of poison resistance
 Z - an amulet of resist mutation (around neck)
Potions
 c - 7 potions of healing
Books
 b - a book of Necromancy

   Spells                             Type                      Level
   *Pain                              Necromancy                   1
   Animate Skeleton                   Necromancy                   1
   *Vampiric Draining                 Necromancy                   3
   Regeneration                       Enchantment/Necromancy       3
   *Dispel Undead                     Necromancy                   4
   Animate Dead                       Necromancy                   4
 j - a book of Burglary

   Spells                             Type                      Level
   Apportation                        Translocation                1
   *Swiftness                         Enchantment/Air              2
   Passwall                           Transmutation/Earth          3
   Control Teleport                   Enchantment/Translocation    4
   Lee's Rapid Deconstruction         Transmutation/Earth          5
 G - a Necronomicon {highlevel}

   WARNING:   If you fail in an attempt to memorise a spell from this book, the
   book will lash out at you.

   Spells                             Type                      Level
   Symbol of Torment                  Necromancy                   6
   Control Undead                     Enchantment/Necromancy       6
   *Haunt                             Necromancy/Summoning         7
   Death's Door                       Enchantment/Necromancy       8
   Necromutation                      Transmutation/Necromancy     8
   Death Channel                      Necromancy                   9
 R - a book of Dreams

   Spells                             Type                      Level
   Ensorcelled Hibernation            Enchantment/Ice              2
   Alistair's Intoxication            Transmutation/Poison         4
   Flight                             Enchantment/Air              4
   Phase Shift                        Translocation                5
   Shadow Creatures                   Summoning                    5
 W - a book of Spatial Translocations

   Spells                             Type                      Level
   Apportation                        Translocation                1
   Portal Projectile                  Translocation                2
   Blink                              Translocation                2
   *Recall                            Summoning/Translocation      3
   Teleport Other                     Translocation                4
   Control Teleport                   Enchantment/Translocation    4
   Teleport Self                      Translocation                5
Magical staves
 d - a staff of power (weapon)
 p - a staff of summoning You had 4 experience left.


   Skills:
 + Level 1 Fighting
 - Level 1 Maces & Flails
 - Level 1 Staves
 + Level 10 Dodging
 - Level 5 Stealth
 + Level 6 Shields
 - Level 1 Traps & Doors
 + Level 11 Spellcasting
 + Level 9 Summonings
 - Level 16 Necromancy
 - Level 5 Translocations
 - Level 2 Evocations


You had 15 spell levels left.
You knew the following spells:

 Your Spells              Type           Power        Success   Level
a - Pain                  Necr           #####        Perfect     1
b - Vampiric Draining     Necr           #######...   Excellent   3
c - Dispel Undead         Necr           #######..    Excellent   4
d - Swiftness Air/Ench    ###.......     Very         Good        2
e - Recall                Tloc/Summ      N/A          Excellent   3
f - Haunt                 Summ/Necr      #######...   Fair        7

Dungeon Overview and Level Annotations

Branches:
Dungeon (9/27)             Temple (1/1) D:6            Lair (8/8) D:9
  Swamp (0/5) Lair:5        Slime (0/6) Lair:8        Snake (0/5) Lair:3
    Orc: D:6-11

Altars:
Cheibriados
Elyvilon
Fedhas
Kikubaaqudgha
Makhleb
Nemelex Xobeh
Okawaru
Sif Muna
The Shining One
Trog
Vehumet
Xom
Yredelemnul
Zin

Annotations
D:9 exclusions: iron imp and 1 more exclusion
Lair:5 exclusion: oklob plant
Lair:7 exclusion: hydra


Innate Abilities, Weirdness & Mutations

You are resistant to damage.
You can recharge devices by infusing magical energy.
You resist negative energy.
You passively map the area around you.
You do not heal naturally.
You have a pair of small antennae on your head.
You are agile (Dex +1).
You have a fast metabolism.
You are resistant to electric shocks.


Message History

The electric eel shoots out a bolt of electricity!
The bolt of electricity hits you! You resist.
There is some deep water here.
You float gracefully downwards.
You fall into the water!
You drown...
You die...

~ ~~~~~~~~~~~~~~~# #...#
~~~~~~~~~~~~~~~~~~~~# ###....
~~~~~~~~~~~~~~~~~~~~# #<#....
~~~~~~~~~~~~~~~~~~~~# #.#....
~~~~~~~~~~~~~~~~~~~~######..[...
~~~~~~~~~~~~~~~~~~~.............
~~~~~~~~~~~~~~~~~~~.............
~~~~~~~~~~~~~~~~~~~.............
~~~~~;;~~~~~~~~@~~~.....>.......
~~~~~~;~~~~~~~~~~~~.............
~~~~~~~~~~~~~~~~~~~~#########...
~~~~~~~~~~~~~~~~~~~~# #...
~~~~~~~~~~~~~~~~~~~~# #...
~~~~~~~~~~~~~~~~~~~~# ####
~~~~~~~~~~~~~~~~~~~#
###################


There were no monsters in sight!

Vanquished Creatures
  Jozef (Lair:2)
  14 death yaks
  3 griffons
  An elephant slug (Lair:8)
  A black mamba (Lair:8)
  6 elephants
  10 spiny frogs
  11 komodo dragons
  A polar bear (Lair:6)
  23 blink frogs
  7 giant toads
  29 yaks
  4 fire drakes
  Grum (D:8)
  A steam dragon (Lair:5)
  3 wyverns
  2 necrophages (D:8)
  8 hippogriffs
  20 war dogs
  2 ice beasts
  A black bear (D:8)
  A giant goldfish (D:9)
  Menkaure (D:5)
  A phantom (D:8)
  5 gila monsters
  3 centaurs (D:8)
  3 ogres
  Sigmund (D:5)
  3 boring beetles
  8 crocodiles
  7 giant slugs
  8 giant frogs
  4 giant snails
  15 water moccasins
  Blork the orc (D:4)
  A water moccasin skeleton (D:8)
  A boulder beetle (Lair:6)
  2 jellyfish (Lair:6)
  6 electric eels
  A shadow (D:8)
  9 hounds
  3 orc priests
  3 imps
  A big fish (D:4)
  An orc wizard (D:4)
  9 giant ants
  4 iguanas
  8 sheep
  A giant ant zombie (D:5)
  Ijyb (D:3)
  2 jellies
  11 gnolls
  34 green rats
  18 snakes
  A giant mite (Lair:2)
  3 worms
  80 grey rats
  A giant eyeball (D:5)
  7 giant geckos
  2 oozes
  22 giant bats
  3 giant cockroaches
  22 goblins
  15 hobgoblins
  19 kobolds
  11 orcs
  8 quokkas
  13 small snakes
  14 giant newts
  13 jackals
  An orc zombie (D:8)
  A quokka zombie (D:5)
  12 rats
  2 rat zombies (D:5)
  3 plants
  A toadstool (D:3)
580 creatures vanquished.

Vanquished Creatures (collateral kills)
  6 dire elephants (Lair:8)
  2 hydras
  An anaconda (Lair:8)
  3 death yaks (Lair:8)
  A black mamba (Lair:8)
  2 yaks (Lair:8)
  2 green rats (Lair:8)
17 creatures vanquished.

Vanquished Creatures (others)
  A flayed ghost (Lair:8)
  A spectral warrior (Lair:8)
  A spiny frog (Lair:8)
  3 yaks (Lair:8)
  3 hungry ghosts (Lair:8)
  11 wraiths (Lair:8)
  2 war dogs (Lair:8)
  10 freezing wraiths (Lair:8)
  3 phantoms (Lair:8)
  2 water moccasins (Lair:8)
  2 sheep (Lair:8)
  A snake (Lair:8)
  10 green rats (Lair:8)
  A worm (D:3)
  2 grey rats
  A quokka (Lair:5)
  A giant gecko (D:3)
  A kobold (D:8)
  A rat (D:8)
  4 bushes (Lair:8)
  44 fungi
  37 plants
  20 toadstools
162 creatures vanquished.

Grand Total: 759 creatures vanquished

Notes
Turn   | Place    | Note
--------------------------------------------------------------
     0 | D:1      | Delphic, the Deep Dwarf Necromancer, began the quest for the Orb.
     0 | D:1      | Reached XP level 1. HP: 11/11 MP: 3/3
   201 | D:1      | Reached skill 5 in Necromancy
   215 | D:1      | Reached XP level 2. HP: 17/17 MP: 2/4
  1027 | D:2      | Reached XP level 3. HP: 24/24 MP: 3/5
  1602 | D:2      | Reached skill 6 in Necromancy
  1706 | D:2      | Learned a level 3 spell: Vampiric Draining
  2491 | D:2      | Reached XP level 4. HP: 23/30 MP: 2/7
  2826 | D:3      | Reached skill 7 in Necromancy
  2970 | D:3      | Reached XP level 5. HP: 25/37 MP: 2/9
  3193 | D:3      | Noticed Ijyb
  3199 | D:3      | Reached skill 8 in Necromancy
  3244 | D:3      | Defeated Ijyb
  4088 | D:2      | Reached XP level 6. HP: 33/43 MP: 7/11
  4138 | D:2      | Reached skill 9 in Necromancy
  4456 | D:4      | Found a glowing drain. 4511
                  | sewer
                  | Entered the sewers 4913
                  | sewer
                  | Got a twisted mace
  4999 | D:4      | Identified the cursed mace of Wrongful Imprisonment {freeze, rN+ SInv} (You found it in the sewers)
  5094 | D:4      | Noticed Blork the orc
  5168 | D:4      | Defeated Blork the orc
  5738 | D:4      | Reached XP level 7. HP: 39/50 MP: 5/12
  5821 | D:4      | Reached skill 10 in Necromancy
  6247 | D:5      | Entered Level 5 of the Dungeon
  6248 | D:5      | Noticed Sigmund
  6257 | D:4      | Learned a level 4 spell: Dispel Undead
  6762 | D:5      | Noticed Menkaure
  6766 | D:5      | Defeated Menkaure
  6893 | D:5      | Defeated Sigmund
  7202 | D:5      | Reached skill 11 in Necromancy
  7946 | D:6      | Found an ancient bone altar of Kikubaaqudgha.
  7999 | D:6      | Found a staircase to the Ecumenical Temple.
  8036 | D:6      | Got a dazzling scale mail
  8068 | D:6      | Reached XP level 8. HP: 44/56 MP: 9/16
  8124 | Temple   | Entered the Ecumenical Temple
  8188 | Temple   | Became a worshipper of Makhleb the Destroyer
  8440 | D:6      | Found a white marble altar of Elyvilon.
  9632 | D:8      | Acquired Makhleb's first power
  9685 | D:8      | Reached skill 12 in Necromancy
 10300 | D:8      | Gained mutation: You passively map the area around you.
 10300 | D:8      | Reached XP level 9. HP: 38/63 MP: 8/17
 10846 | D:8      | Reached skill 1 in Shields
 10880 | D:8      | Reached skill 1 in Maces & Flails
 11647 | D:9      | Found an ancient bone altar of Kikubaaqudgha.
 11824 | D:9      | Noticed Grum
 11859 | D:9      | An elephant changed into a giant orange brain
 11860 | D:9      | Reached skill 1 in Evocations
 11908 | D:8      | Defeated Grum
 12550 | D:8      | Reached skill 5 in Spellcasting
 12684 | D:9      | Reached skill 13 in Necromancy
 12779 | D:8      | Reached XP level 10. HP: 29/69 MP: 6/21
 12860 | D:9      | Found a staircase to the Lair.
 12871 | D:9      | Noticed a giant snail
 12872 | D:9      | Noticed a giant slug
 12873 | D:9      | Noticed a giant slug
 13088 | D:8      | Acquired Makhleb's second power
 13181 | Lair:1   | Entered Level 1 of the Lair of Beasts
 14177 | Lair:2   | Reached skill 1 in Staves
 14406 | Lair:2   | Acquired Makhleb's third power
 14695 | Lair:2   | Noticed Jozef
 14707 | Lair:2   | Defeated Jozef
 14864 | Lair:2   | Reached skill 14 in Necromancy
 15257 | Lair:2   | Reached XP level 11. HP: 76/76 MP: 25/25
 15368 | Lair:2   | Acquired Makhleb's fourth power
 15532 | Lair:3   | Reached skill 5 in Dodging
 15768 | Lair:2   | Learned a level 2 spell: Swiftness
 16570 | Lair:3   | Found a staircase to the Snake Pit.
 16733 | Lair:3   | Acquired Makhleb's fifth power
 17138 | Lair:4   | Reached skill 5 in Shields
 17857 | Lair:5   | Learned a level 3 spell: Recall
 18167 | Lair:5   | Found a staircase to the Swamp.
 18306 | Lair:5   | Reached skill 1 in Translocations
 18316 | Lair:5   | Reached skill 1 in Summonings
 18625 | Lair:5   | Reached XP level 12. HP: 62/82 MP: 28/28
 18819 | Lair:5   | Reached skill 1 in Traps & Doors
 19326 | Lair:6   | Reached skill 15 in Necromancy
 21091 | Lair:6   | Reached skill 10 in Spellcasting
 22602 | Lair:8   | Entered Level 8 of the Lair of Beasts
 23109 | Lair:7   | Reached skill 5 in Summonings
 23224 | Lair:8   | Found a staircase to the Slime Pits.
 23617 | Lair:8   | Learned a level 7 spell: Haunt
 23930 | Lair:8   | Gained mutation: You have a pair of small antennae on your head.
 23930 | Lair:8   | Gained mutation: You are resistant to electric shocks.
 24151 | Lair:8   | Gained mutation: You have a fast metabolism.
 24217 | Lair:8   | Gained mutation: You are agile (Dex +1).
 25085 | Lair:8   | Reached XP level 13. HP: 35/87 MP: 29/29
 28506 | Lair:8   | Reached skill 16 in Necromancy
 29205 | Lair:7   | Reached skill 5 in Stealth
 29472 | Lair:7   | Reached skill 1 in Fighting
 29613 | Lair:8   | Gained mutation: You resist negative energy.
 29613 | Lair:8   | Reached XP level 14. HP: 86/94 MP: 18/31
 29637 | Lair:8   | Reached skill 10 in Dodging
 30901 | Lair:8   | Reached skill 5 in Translocations
 31378 | D:9      | Defeated a giant slug
 31394 | D:9      | Defeated a giant slug
 31853 | D:9      | Drowned
